 Dungeon Crawl Stone Soup version 0.13.1-28-g3517093 (console) character file.

173 Magician the Chopper (level 3, -2/49 HPs)
             Began as a Centaur Berserker on Mar 8, 2014.
             Was a Follower of Trog.
             Slain by an orc warrior
             ... wielding a -1,+0 orcish long sword
              (4 damage)
             ... on Level 4 of the Dungeon.
             The game lasted 00:04:02 (723 turns).

Magician the Chopper (Centaur Berserker)             Turns: 723, Time: 00:04:02

HP  -2/49        AC  8     Str 25      XL: 3   Next: 25%
MP   2/2         EV  5     Int  6      God: Trog [*.....]
Gold 135         SH  0     Dex  8      Spells:  0 memorised,  2 levels left

Res.Fire  : . . .   See Invis. : .   a - +0 hand axe {=f}
Res.Cold  : . . .   Warding    : .   n - +0 elf chain mail
Life Prot.: . . .   Conserve   : .   (no shield)
Res.Poison: .       Res.Corr.  : .   (no helmet)
Res.Elec. : .       Clarity    : .   g - +0 cloak
Sust.Abil.: . .     Spirit.Shd : .   (no gloves)
Res.Mut.  : .       Stasis     : .   (no barding)
Res.Rott. : .       Flight     : .   (no amulet)
Saprovore : . . .                    (no ring)
                                     (no ring)

@: berserking, very quick, not resistant to hostile enchantments, extremely
unstealthy
A: hooves 3, deformed body, herbivore 1, speed 2, fast metabolism 1, tough skin
3
a: Burn Spellbooks, Berserk, Renounce Religion


You were on level 4 of the Dungeon.
You worshipped Trog.
Trog was aware of your devotion.
You were not hungry.

You visited 1 branch of the dungeon, and saw 4 of its levels.

You collected 115 gold pieces.

Inventory:

Hand weapons
 a - a +0,+0 hand axe (weapon) {=f}
Armour
 b - a +0 animal skin
 d - a +0 dwarven cloak
 f - a +0 cloak
 g - a +0 cloak (worn)
 n - a +0 elven chain mail (worn)
Comestibles
 c - 3 bread rations
Scrolls
 i - 2 scrolls of remove curse {unknown}
 l - a scroll of identify {unknown}
 m - a scroll of teleportation {unknown}
 p - a scroll of curse armour {unknown}
 q - a scroll of noise {unknown}
Jewellery
 e - a cursed ring of hunger {unknown}
Potions
 h - a potion of might {unknown}
 j - a potion of degeneration {unknown}
 k - a potion of speed {unknown}
 o - a potion of curing {unknown}
 r - a potion of agility {unknown}


   Skills:
 + Level 3.5 Fighting
 * Level 3.6 Axes
 - Level 1.3 Armour
 - Level 1.3 Dodging


You had 2 spell levels left.
You didn't know any spells.

Dungeon Overview and Level Annotations

Branches:
Dungeon (4/27)
 Temple: D:4-7

Altars:
Fedhas


Innate Abilities, Weirdness & Mutations

You have hooves in place of feet.
Armour fits poorly on your strangely shaped body.
You digest meat inefficiently.
You cover ground very quickly.
You have a fast metabolism.
You have extremely tough skin (AC +3).


Message History

The orc warrior hits you with an orcish long sword.
You barely miss the orc warrior.
The orc hits you from afar with an orcish trident.
You closely miss the orc warrior. Your kick misses the orc warrior.
The orc warrior hits you with an orcish long sword!
* * * LOW HITPOINT WARNING * * *
The orc barely misses you.
You slash the orc warrior!
The orc warrior is moderately wounded.
The orc warrior hits you with an orcish long sword!
* * * LOW HITPOINT WARNING * * *
You completely miss the orc warrior. You kick the orc warrior.
The orc warrior is moderately wounded.
The orc hits you from afar with an orcish trident.
* * * LOW HITPOINT WARNING * * *
Your chain mail prevents you from hitting the orc warrior.
Your kick misses the orc warrior.
The orc warrior is moderately wounded.
The orc warrior hits you with an orcish long sword.
You die...

#...........#
#...........#
#######...........#
..................#
.(................#
..................#
..................#
................[.#
######.........@.#
#.........o)#
#.......o...#
#...........#
#.:.........#
#...........#
...........#
........# .......#


You could see an orc warrior and an orc.

Vanquished Creatures
  An adder (D:2)
  A giant mite (D:4)
  2 giant geckos (D:2)
  An orc (D:4)
  A ball python (D:1)
  A bat (D:2)
  3 goblins
  6 hobgoblins
  A kobold (D:1)
  2 giant cockroaches (D:1)
  2 giant newts (D:1)
  A rat (D:1)
22 creatures vanquished.

Notes
Turn   | Place    | Note
--------------------------------------------------------------
     0 | D:1      | Magician, the Centaur Berserker, began the quest for the Orb.
     0 | D:1      | Reached XP level 1. HP: 19/19 MP: 0/0
   144 | D:1      | Reached XP level 2. HP: 13/26 MP: 1/1
   558 | D:2      | Found a blossoming altar of Fedhas.
   684 | D:4      | Reached XP level 3. HP: 30/33 MP: 2/2
   710 | D:4      | Noticed an orc warrior
   722 | D:4      | HP: 2/49 [orc/orcish trident (4)]
   723 | D:4      | Slain by an orc warrior

Action                   || total
-------------------------++-------
Melee: Hand axe          ||    62
Invok: Berserk           ||     2
